 Dungeon Crawl Stone Soup version 0.31-a0-1620-gcbf77bbcfc (webtiles) character file.

Game seed: 2298182909736822000

527 Flugslaktarn the Trooper (level 7, -3/94 HPs)
             Began as a Minotaur Fighter on Jan 11, 2024.
             Killed by divine providence
             ... invoked by an orc priest
              (12 damage)
             ... on level 4 of the Dungeon.
             The game lasted 00:01:44 (3448 turns).

Flugslaktarn the Trooper (Minotaur Fighter)         Turns: 3448, Time: 00:01:45

Health: -3/94      AC: 23    Str: 23    XL:     7   Next: 2%
Magic:  6/6        EV:  2    Int:  5    God:
Gold:   161        SH:  5    Dex: 12    Spells: 6/6 levels left

rFire   . . .        a - +0 war axe
rCold   . . .        c - +0 buckler
rNeg    + . .        j - melded +0 plate armour
rPois   +            (helmet currently unavailable)
rElec   .            o - melded +0 cloak
rCorr   +            (gloves currently unavailable)
SInv    .            g - melded +2 pair of boots
Will    .....        (no amulet)
Stlth   +            m - ring of Tuanohug {rN+ rCorr Dex+3}
HPRegen 0.35/turn    (no ring)
MPRegen 0.10/turn

%: no passive effects
@: tree-form
A: stationary, stasis, torment immunity, boosted hp, (horns 2), (retaliatory
headbutt)
a: no special abilities


You were on level 4 of the Dungeon.
You were a tree.
You visited 1 branch of the dungeon, and saw 4 of its levels.

You collected 161 gold pieces.

Inventory:

Hand Weapons
 a - a +0 war axe (weapon)
Armour
 b - a +0 scale mail
 c - a +0 buckler (worn)
 g - a +2 pair of boots (melded)
   (You found it on level 3 of the Dungeon)
 j - a +0 plate armour (melded)
   (You found it on level 1 of the Dungeon)
 o - a +0 cloak (melded)
   (You took it off Crazy Yiuf on level 2 of the Dungeon)
Jewellery
 d - an amulet of magic regeneration
   (You found it on level 3 of the Dungeon)
 e - a +6 ring of intelligence
   (You found it on level 1 of the Dungeon)
 m - the ring of Tuanohug (left branch) {rN+ rCorr Dex+3}
   (You found it on level 2 of the Dungeon)

   [ring of positive energy]

   Dex+3:     It affects your dexterity (+3).
   rN+:       It protects you from negative energy.
   rCorr:     It protects you from acid and corrosion.
 p - a +4 ring of protection
   (You found it on level 3 of the Dungeon)
Scrolls
 f - a scroll of amnesia {unknown}
 k - a scroll of brand weapon
 l - a scroll of poison {unknown}
 n - a scroll of torment {unknown}
 r - 2 scrolls of identify
Potions
 i - a potion of lignification


   Skills:
 * Level 6.3 Fighting
 * Level 5.7 Axes
 + Level 5.1 Armour
 + Level 5.0 Shields


You had 6 spell levels left.
You didn't know any spells.
Your spell library was empty.

Dungeon Overview and Level Annotations

Branches:
Dungeon (4/15)
 Temple: D:4-7

Altars:
Vehumet

Annotations:
D:4 Edmund


Innate Abilities, Weirdness & Mutations

You are a tree.
Your roots penetrate the ground, keeping you stationary.
You cannot be teleported.
You are immune to unholy pain and torment.
Your maximum health is greatly increased.
Your equipment is partially melded.
((You have a pair of horns on your head.))
((You reflexively headbutt those who attack you in melee.))


Message History

A quokka comes into view.
You have reached level 7!
You slash the goblin!
You kill the goblin!
A ribbon worm comes into view.
Found 14 gold pieces.
The kobold barely misses you.
There is an open door here.
Things that are here:
a +0 dagger; an adder corpse You slash the kobold!
You kill the kobold!
The ribbon worm expels a string of sticky webbing.
The stream of webbing hits you but does no damage.
You are caught in a web!
Edmund the Younger comes into view.
He is wielding a +2 dire flail of protection and wearing a +3 leather armour of poison resistance.
Edmund shouts!
You hear a shout! x2
You block the quokka's attack.
You barely miss the quokka. The quokka barely misses you.
The quokka bites you but does no damage.
You slash the quokka!
You kill the quokka!
The ribbon worm bites you.
You completely miss the ribbon worm. You headbutt the ribbon worm!
The ribbon worm is severely wounded.
You hit the ribbon worm but do no damage.
The ribbon worm is severely wounded.
The ribbon worm bites you but does no damage.
Edmund hits you with a +2 dire flail of protection.
You slash the ribbon worm!
You kill the ribbon worm!
You barely miss Edmund. You block Edmund's attack.
You hit Edmund but do no damage.
An orc comes into view. It is wielding a +0 hand axe.
Edmund hits you with a +2 dire flail of protection!
You completely miss Edmund. You headbutt Edmund, but do no damage.
Edmund hits you with a +2 dire flail of protection.
You barely miss Edmund.
Edmund hits you with a +2 dire flail of protection.
Edmund barely misses you.
Unknown command.
You hit Edmund. You headbutt Edmund, but do no damage.
Edmund is lightly wounded.
Edmund hits you with a +2 dire flail of protection!
You hit Edmund but do no damage.
Edmund is lightly wounded.
Edmund hits you but does no damage.
You hit Edmund but do no damage.
Edmund is lightly wounded.
Edmund gestures with his flail.
Edmund barely misses you. You furiously retaliate!
You headbutt Edmund!
An orc comes into view. It is wielding a +0 flail.
An orc priest comes into view. It is wielding a +0 club.
The orc priest shouts!
You hit Edmund. You headbutt Edmund.
Edmund is heavily wounded.
You closely miss the orc. The orc hits you with a +0 hand axe.
Edmund barely misses you. The orc barely misses you.
Edmund hits you with a +2 dire flail of protection!
You are too injured to fight recklessly!
You are too injured to fight recklessly!
You are too injured to fight recklessly!
The orc attacks as it pursues you! You block the orc's attack.
Edmund hits you with a +2 dire flail of protection.
* * * LOW HITPOINT WARNING * * *
There is an open door here.
Things that are here:
a +0 dagger; an adder corpse The orc attacks as it pursues you!
The orc hits you but does no damage.
It was a potion of lignification.
You turn into a tree.
Your +0 cloak melds into your body.
Your +2 pair of boots melds into your body.
Your +0 plate armour melds into your body.
Your roots penetrate the ground.
Okay, then.
You barely miss Edmund.
Edmund is heavily wounded.
You barely miss Edmund.
Edmund is heavily wounded.
Edmund gestures with his flail.
Edmund completely misses you.
You hit Edmund but do no damage.
Edmund is heavily wounded.
You block Edmund's attack.
You barely miss Edmund.
Edmund is heavily wounded.
Edmund barely misses you. Edmund hits you but does no damage.
You slash Edmund!
Edmund is severely wounded.
Edmund hits you with a +2 dire flail of protection.
* * * LOW HITPOINT WARNING * * *
The orc priest invokes the aid of Beogh against you.
Beogh smites you!
* * * LOW HITPOINT WARNING * * *
You hit Edmund but do no damage.
Edmund is severely wounded.
You block Edmund's attack.
The orc priest mumbles some strange prayers to Beogh against you.
Beogh smites you!
You die...

... ... ... #...#...
##'####'####... #...####
............... #...#
............... #...#
..........$.... +...#
............... #...#
..oo..ooo...... ###.#
..#####@############.##+#
#.....♣..........#.....
#................#.....
#................'.....
#......##.......##....#
#......##.......##....#
#...............#######
#########.......#
#........# #........#


You could see Edmund, an orc priest and an orc.

Vanquished Creatures
  Sigmund (D:2)
  An ogre (D:2)
  Crazy Yiuf (D:2)
  Jessica (D:2)
  Terence (D:2)
  An orc wizard (D:3)
  6 adders
  2 ribbon worms
  A dart slug (D:3)
  5 orcs (D:3)
  9 ball pythons
  9 bats
  11 endoplasms
  4 giant cockroaches
  11 goblins
  5 hobgoblins
  11 jackals
  5 kobolds
  5 quokkas
  A frilled lizard (D:3)
  5 rats
96 creatures vanquished.

Notes
Turn   | Place    | Note
-------+----------+-------------------------------------------
     0 | D:1      | Flugslaktarn the Minotaur Fighter began the quest for the
                  | Orb.
     0 | D:1      | Reached XP level 1. HP: 19/19 MP: 0/0
   107 | D:1      | Reached XP level 2. HP: 27/27 MP: 1/1
   257 | D:1      | Reached skill level 4 in Fighting
   864 | D:2      | Reached XP level 3. HP: 33/33 MP: 2/2
  1086 | D:2      | Noticed an ogre
  1197 | D:2      | Found a runed translucent door.
  1198 | D:2      | Noticed Crazy Yiuf
  1229 | D:2      | Noticed Terence
  1237 | D:2      | Killed Terence
  1238 | D:2      | Reached XP level 4. HP: 35/41 MP: 3/3
  1301 | D:2      | Noticed Jessica
  1312 | D:2      | Killed Jessica
  1371 | D:2      | Noticed Sigmund
  1382 | D:2      | Killed Sigmund
  1383 | D:2      | Reached skill level 5 in Fighting
  1383 | D:2      | Reached XP level 5. HP: 31/49 MP: 4/4
  1383 | D:2      | Reached XP level 6. HP: 36/56 MP: 5/5
  1537 | D:2      | Reached skill level 5 in Axes
  1935 | D:2      | Identified the ring of Tuanohug {rN+ rCorr Dex+3}
  2140 | D:2      | Killed Crazy Yiuf
  2141 | D:2      | Reached skill level 6 in Fighting
  2287 | D:3      | Found a radiant altar of Vehumet.
  2308 | D:3      | Reached skill level 5 in Armour
  2308 | D:3      | Reached skill level 5 in Shields
  2712 | D:3      | Identified the +1 leather armour "Zousoom" {rF++ Regen+
                  | Str+2}
  3423 | D:4      | Reached XP level 7. HP: 63/63 MP: 6/6
  3425 | D:4      | Noticed Edmund
  3448 | D:4      | Killed from afar by an orc priest

Illustrated notes

Levels and vault maps discovered:
D:1:      minmay_arrival_loop, layout_basic
D:2:      layout_basic, minmay_split_cup_large, uniq_crazy_yiuf_cottage,
          uniq_jessica, uniq_sigmund, uniq_terence
D:3:      layout_loops_ring, lemuel_crystal_altar,
          minmay_fractal_squares_diagonal_5
D:4:      layout_gridville, okawaru_metal_pillars_1_2, uniq_blork_the_orc,
          uniq_edmund

Skill      XL: |  1  2  3  4  5  6 |
---------------+-------------------+-----
Fighting       | 4 5 6 |  6.3
Axes           | 3 4 5 |  5.7
Shields        | 4 5 |  5.0
Armour         | 4 5 |  5.1

Action                     |  1- 3 |  4- 6 |  7- 9 || total
---------------------------+-------+-------+-------++-------
  Melee: War axe           |    72 |   127 |    20 ||   219
         Headbutt          |    10 |    13 |     4 ||    27
    Use: Potion            |       |     5 |     1 ||     6
         Scroll            |       |     1 |       ||     1
 Armour: Scale mail        |    22 |       |       ||    22
         Plate armour      |    51 |   112 |    13 ||   176
         Skin              |       |       |     2 ||     2
  Dodge: Dodged            |    42 |    38 |     8 ||    88
  Block: Buckler           |    18 |    31 |     5 ||    54

Table legend: (Time is in decaauts)
 A = Elapsed time spent in this place.
 B = Non-inter-level travel time spent in this place.
 C = Inter-level travel time spent in this place.
 D = Time resting spent in this place.
 E = Time spent auto-exploring this place.
 F = Levels seen in this place.
 G = Mean time per level.
                   A        B        C        D        E       F      G
               +--------+--------+--------+--------+--------+-----+--------+
         Total |   3526 |   3438 |     88 |    365 |   2499 |   4 |  881.5 |
       Dungeon |   3526 |   3438 |     88 |    365 |   2499 |   4 |  881.5 |
               +--------+--------+--------+--------+--------+-----+--------+

Top non-repeatable levels by time:
     D:2: 1306 daAuts
     D:3: 1062 daAuts
     D:1: 948 daAuts
     D:4: 209 daAuts
